 Dungeon Crawl Stone Soup version 0.26-a0-54-g15ccc7ae60 (webtiles) character file.

Game seed: 4080837160260592453

34405 Ozzies the Warrior (level 13, -5/175 HPs)
             Began as a Minotaur Fighter on June 7, 2020.
             Was a High Priest of Okawaru.
             Killed by divine providence
             ... invoked by an orc priest
              (13 damage)
             ... on level 2 of the Orcish Mines.
             The game lasted 00:59:35 (16779 turns).

Ozzies the Warrior (Minotaur Fighter)              Turns: 16779, Time: 00:59:37

Health: -5/175     AC: 27    Str: 29      XL:     13   Next: 42%
Magic:  13/15      EV: 12    Int:  4 (5)  God:    Okawaru [*****.]
Gold:   1288       SH: 14    Dex: 10      Spells: 12/12 levels left

rFire    + + .     SeeInvis .   P - +1 broad axe (flame)
rCold    . . .     Gourm    .   O - +0 kite shield {rF+}
rNeg     . . .     Faith    .   R - +2 plate armour {rF+}
rPois    +         Spirit   .   F - +0 hat
rElec    .         Reflect  .   K - +0 cloak
rCorr    .         Harm     .   x - +2 pair of gloves {Str+3}
MR       .....                  k - +2 pair of boots
Stlth    ..........             (no amulet)
HPRegen  0.39/turn              e - ring of poison resistance
MPRegen  0.14/turn              q - +4 ring of slaying

@: berserking, heroism, very quick
A: retaliatory headbutt, horns 2, frail 1
a: Heroism, Finesse, Renounce Religion


You were on level 2 of the Orcish Mines.
You worshipped Okawaru.
Okawaru was extremely pleased with you.
You were not hungry.

You visited 3 branches of the dungeon, and saw 15 of its levels.
You also visited: Volcano.

You collected 1696 gold pieces.
You spent 408 gold pieces at shops.

Inventory:

Hand Weapons
 a - a +1 war axe
 D - a +2 flail of protection
 M - a +1 hand axe of draining
 P - a +1 broad axe of flaming (weapon)
Armour
 b - a +8 plate armour of ponderousness
 c - a +1 kite shield
 k - a +2 pair of boots (worn)
 x - a +2 pair of gloves of strength (worn)
 C - a +2 leather armour of cold resistance
 F - a +0 hat (worn)
 K - a +0 cloak (worn)
 O - a +0 kite shield of fire resistance (worn)
 R - a +2 plate armour of fire resistance (worn)
Jewellery
 e - a ring of poison resistance (left hand)
 j - a +6 ring of strength
 n - a +6 ring of dexterity
 q - a +4 ring of slaying (right hand)
 B - a +6 ring of strength
 G - an uncursed amulet of faith
Wands
 y - a wand of clouds (5)
 H - a wand of disintegration (5)
 J - a wand of flame (25)
Scrolls
 i - 2 scrolls of enchant weapon
 p - 2 scrolls of teleportation
 u - a scroll of amnesia
 w - 8 scrolls of identify
 z - 3 scrolls of remove curse
 E - a scroll of enchant armour
 L - a scroll of blinking
 N - a scroll of fear
Potions
 d - 2 potions of might
 g - 2 potions of stabbing
 l - 4 potions of brilliance
 o - 2 potions of mutation {unknown}
 r - 4 potions of curing
 v - 2 potions of degeneration
 A - 2 potions of lignification
 I - a potion of magic {unknown}
Comestibles
 f - 20 rations


   Skills:
 * Level 16.8(21.8) Fighting
 + Level 14.6(19.6) Axes
 - Level 10.0(15.0) Armour
 - Level 5.0(10.0) Dodging
 - Level 10.0(15.0) Shields
 - Level 5.0 Invocations


You had 12 spell levels left.
You didn't know any spells.
Your spell library contained the following spells:

 Spells                   Type           Power        Failure   Level  Hunger
 Animate Skeleton         Necr           N/A          97%         1    ##.....
 Apportation              Tloc           #.....       97%         1    ##.....
 Corona                   Hex            #......      97%         1    ##.....
 Magic Dart               Conj           #...         97%         1    ##.....
 Summon Small Mammal      Summ           #...         97%         1    ##.....
 Searing Ray              Conj           #.....       99%         2    ###....
 Dazzling Flash           Conj/Hex       #.....       100%        3    ####...
 Fulminant Prism          Conj/Hex       #.........   100%        4    #####..
 Iskenderun's Mystic Bla  Conj/Tloc      #.......     100%        4    #####..


Dungeon Overview and Level Annotations

Branches:
Dungeon (12/15)            Temple (1/1) D:4            Lair (0/6) D:9
    Orc (2/2) D:9             Elf (0/3) Orc:2       Volcano (visited)

Altars:
Ashenzari
Cheibriados
Dithmenos
Elyvilon
Fedhas
Gozag
Hepliaklqana
Kikubaaqudgha
Makhleb
Nemelex Xobeh
Okawaru
Qazlal
Ru
Sif Muna
Trog
Uskayaw
Vehumet
Wu Jian
Xom
Yredelemnul
Zin
The Shining One

Shops:
D:4 *   D:7 *   D:10 (}%[   D:12 ?   Orc:1 ?   Orc:2 *!!


Innate Abilities, Weirdness & Mutations

You reflexively headbutt those who attack you in melee.
You have a pair of horns on your head.
You are frail. (-10% HP)


Message History

The orc warrior closely misses you. You furiously retaliate!
You headbutt the orc warrior! You slice the orc knight!!
You burn the orc knight!
You kill the orc knight!
Okawaru accepts your kill.
You slash the orc warrior! You burn the orc warrior.
You kill the orc warrior!
Okawaru accepts your kill.
You hit the ice devil. You burn the ice devil.
The orc priest begins to cast a cantrip, but forgets the words!
You are too injured to fight recklessly!
You are too injured to fight recklessly!
You slice the ice devil!! You burn the ice devil.
You kill the ice devil!
Okawaru accepts your kill.
You hit the neqoxec. You burn the neqoxec.
The orc no longer looks unusually strong.
The orc priest invokes the aid of Beogh against you.
Beogh smites you!
You die...

..................)........
..........#..#.#.#
................# ##
.............#.## #.##
.#.......#...#.## #∩.∩#
..........#.#...# #.....
.......#.###...###.o#.#
##.........##.###o....
###...@....####...#.#.#
##....3)..####o)3.o4...
#.........###oo#[#o.4o.
##..o....###.o##... #.o
##..o#.###o.## 3..#
#...o####3o## ..##
##..o)##oo## .##
#.....o.4## ## ##.#....##


You could see a neqoxec, 2 orc priests and 2 orcs.

Vanquished Creatures
  2 orc warlords (Orc:1)
  Josephine (Orc:2)
  Harold (D:9)
  A hydra (D:12)
  A centaur warrior (Volcano)
  5 two-headed ogres
  A hell knight (Volcano)
  An orc high priest (Orc:1)
  An unseen horror (D:11)
  An orc knight (Orc:2)
  A lindwurm (Orc:1)
  2 orc sorcerers (Orc:2)
  An ugly thing (D:12)
  3 cyclopes
  A manticore (D:12)
  Maurice (D:12)
  Psyche (D:8)
  2 molten gargoyles (Volcano)
  Joseph (D:7)
  Maggie (D:8)
  A kobold demonologist (D:10)
  A yaktaur (Volcano)
  An ice devil (Orc:2)
  A hellwing (Orc:2)
  6 trolls
  3 slime creatures (D:12)
  A hippogriff (D:11)
  A vampire (D:9)
  5 wyverns
  3 wraiths (Orc:2)
  11 yaks
  Eustachio (D:6)
  A basilisk (D:11)
  2 fire bats (Volcano)
  3 hungry ghosts
  A steam dragon (D:9)
  2 vampire mosquitoes (D:12)
  A soldier ant (D:10)
  5 wargs
  An acid dragon (D:9)
  2 black bears
  22 orc warriors
  3 phantoms
  5 sky beasts
  3 ice beasts
  A necrophage (D:9)
  18 ogres
  10 centaurs
  3 crocodiles (D:9)
  4 big kobolds
  7 bullfrogs
  A water moccasin zombie (D:6)
  2 scorpions
  11 killer bees
  An electric eel (D:11)
  3 bullfrog zombies
  5 howler monkeys
  10 crimson imps
  2 bullfrog skeletons
  5 lava snakes (Volcano)
  5 centaur skeletons
  3 hounds
  A centaur zombie (D:11)
  19 orc priests
  2 jellies
  4 iguanas
  An iron imp (D:7)
  22 orc wizards
  7 worker ants
  A killer bee zombie (D:9)
  A hound zombie (D:8)
  2 howler monkey zombies
  11 gnolls
  A worker ant zombie (D:9)
  16 adders
  2 shadow imps
  2 oozes
  2 adder skeletons
  3 worms
  A dart slug (D:1)
  8 leopard geckos
  73 orcs
  2 ball pythons (D:3)
  11 bats
  8 giant cockroaches
  12 hobgoblins
  14 jackals
  6 quokkas
  8 frilled lizards
  6 goblins
  A jackal zombie (D:6)
  20 kobolds
  4 leopard gecko skeletons
  A leopard gecko zombie (D:5)
  A quokka skeleton (D:7)
  A quokka zombie (D:6)
  5 rats
  3 rat zombies (D:9)
488 creatures vanquished.

Notes
Turn   | Place    | Note
-------+----------+-------------------------------------------
     0 | D:1      | Ozzies the Minotaur Fighter began the quest for the Orb.
     0 | D:1      | Reached XP level 1. HP: 19/19 MP: 0/0
     3 | D:1      | Noticed a human
     3 | D:1      | Noticed a centaur
     5 | D:1      | Noticed a tengu
     7 | D:1      | Noticed a troll
     7 | D:1      | Noticed a demigod
     9 | D:1      | Noticed a merfolk
     9 | D:1      | Noticed a felid
    13 | D:1      | Noticed a spriggan
    13 | D:1      | Noticed an elf
    15 | D:1      | Noticed a dwarf
    15 | D:1      | Noticed a vampire
    17 | D:1      | Noticed a demonspawn
    17 | D:1      | Noticed a draconian
    19 | D:1      | Noticed an octopode
    19 | D:1      | Noticed a naga
    21 | D:1      | Noticed a formicid
    21 | D:1      | Noticed a minotaur
    23 | D:1      | Noticed a halfling
    25 | D:1      | Noticed a ghoul
    25 | D:1      | Noticed a vine stalker
    27 | D:1      | Noticed a gargoyle
    27 | D:1      | Noticed an ogre
   406 | D:1      | Reached XP level 2. HP: 27/27 MP: 1/1
   784 | D:1      | Reached skill level 4 in Fighting
  1222 | D:2      | Reached XP level 3. HP: 33/33 MP: 2/2
  1557 | D:2      | Found a faded altar of an unknown god.
  1563 | D:2      | Reached XP level 4. HP: 37/41 MP: 3/3
  1594 | D:2      | Became a worshipper of Ashenzari the Shackled
  1594 | D:2      | Reached * piety under Ashenzari
  1595 | D:2      | Fell from the grace of Ashenzari
  1682 | D:2      | Reached skill level 5 in Fighting
  2200 | D:3      | Found a glowing silver altar of Zin.
  2240 | D:3      | Reached XP level 5. HP: 48/50 MP: 4/4
  2361 | D:3      | Reached skill level 6 in Fighting
  2409 | D:3      | Was forgiven by Ashenzari
  2625 | D:3      | Reached XP level 6. HP: 54/58 MP: 5/5
  3081 | D:4      | Reached skill level 7 in Fighting
  3090 | D:4      | Reached skill level 5 in Axes
  3375 | D:4      | Found a staircase to the Ecumenical Temple.
  3397 | D:5      | Entered Level 5 of the Dungeon
  3448 | Temple   | Entered the Ecumenical Temple
  3516 | Temple   | Became a worshipper of Warmaster Okawaru
  3561 | D:4      | Reached XP level 7. HP: 56/67 MP: 6/6
  3565 | D:4      | Reached skill level 8 in Fighting
  3646 | D:4      | Noticed a water elemental
  3648 | D:4      | Found a stormy altar of Qazlal.
  3660 | D:4      | Noticed a fire elemental
  3663 | D:4      | Noticed an air elemental
  3760 | D:4      | Found Qaur's Assorted Antiques.
  3768 | D:4      | Bought a pair of runed gloves for 180 gold pieces
  3768 | D:4      | Bought a scroll labeled FARHEK LORI for 24 gold pieces
  4226 | D:5      | Reached * piety under Okawaru
  4226 | D:5      | Reached skill level 9 in Fighting
  4379 | D:5      | Reached XP level 8. HP: 79/79 MP: 7/7
  4558 | D:5      | Reached skill level 10 in Fighting
  4570 | D:5      | Found a radiant altar of Vehumet.
  4617 | D:5      | Found a shimmering altar of Xom.
  4620 | D:5      | Found a hazy altar of Hepliaklqana.
  4623 | D:5      | Found a hide-covered altar of Uskayaw.
  4783 | D:6      | Noticed Eustachio
  4798 | D:6      | Killed Eustachio
  4798 | D:6      | Reached ** piety under Okawaru
  4997 | D:6      | Reached skill level 5 in Armour
  5025 | D:6      | Reached skill level 5 in Shields
  5467 | D:6      | Noticed a troll
  5475 | D:6      | Killed a troll
  5475 | D:6      | Reached XP level 9. HP: 57/86 MP: 8/8
  5715 | D:7      | Noticed Joseph
  5725 | D:7      | Killed Joseph
  5725 | D:7      | Reached *** piety under Okawaru
  5725 | D:7      | Received a gift from Okawaru
  5725 | D:7      | Reached skill level 11 in Fighting
  5866 | D:7      | Found Pogroin's General Store.
  5882 | D:7      | Bought a scroll of identify for 24 gold pieces
  6055 | D:7      | Noticed a two-headed ogre
  6086 | D:7      | Killed a two-headed ogre
  6086 | D:7      | Reached **** piety under Okawaru
  6414 | D:7      | Found a snail-covered altar of Cheibriados.
  6420 | D:7      | Reached skill level 10 in Axes
  6902 | D:8      | Reached XP level 10. HP: 97/97 MP: 9/9
  7044 | D:8      | Reached skill level 12 in Fighting
  7046 | D:8      | Noticed Maggie
  7067 | D:8      | Killed Maggie
  7617 | D:8      | Found a shattered altar of Ashenzari.
  7927 | D:8      | Noticed Psyche
  7943 | D:8      | Killed Psyche
  7943 | D:8      | Reached skill level 1 in Dodging
  8011 | D:8      | Found an opulent altar of Gozag.
  8045 | D:8      | Reached skill level 1 in Invocations
  8583 | D:9      | Reached ***** piety under Okawaru
  8843 | D:9      | Found a staircase to the Lair.
  9206 | D:9      | Noticed Harold
  9224 | D:9      | Killed Harold
  9224 | D:9      | Reached XP level 11. HP: 98/105 MP: 11/11
  9312 | D:9      | Noticed a two-headed ogre
  9316 | D:9      | Killed a two-headed ogre
  9685 | D:9      | Found a staircase to the Orcish Mines.
  9713 | D:9      | Found an ancient bone altar of Kikubaaqudgha.
  9869 | D:10     | Entered Level 10 of the Dungeon
  9970 | D:10     | Reached skill level 13 in Fighting
 10215 | D:10     | Noticed a two-headed ogre
 10223 | D:10     | Killed a two-headed ogre
 10233 | D:10     | Noticed a two-headed ogre
 10236 | D:10     | Found Ownabe's Antique Armour Boutique.
 10237 | D:10     | Found Jatsaoc's Gadget Boutique.
 10244 | D:10     | Killed a two-headed ogre
 10244 | D:10     | Received a gift from Okawaru
 10245 | D:10     | Found Ycischor's Food Boutique.
 10275 | D:10     | Found Epsino's Weapon Boutique.
 10951 | D:11     | Killed an unseen horror
 11426 | D:11     | Reached XP level 12. HP: 46/116 MP: 14/14
 12045 | D:11     | Noticed a two-headed ogre
 12054 | D:11     | Killed a two-headed ogre
 12245 | D:12     | Reached skill level 5 in Dodging
 12322 | D:12     | Reached skill level 14 in Fighting
 12372 | D:12     | Noticed a five-headed hydra
 12378 | D:12     | Killed a five-headed hydra
 12440 | D:12     | Reached skill level 5 in Invocations
 12455 | D:12     | Noticed Maurice
 12466 | D:12     | Killed Maurice
 12981 | D:12     | Found Neodd's Magic Scroll Boutique.
 12988 | D:12     | Bought a scroll of enchant weapon for 90 gold pieces
 12988 | D:12     | Bought a scroll of blinking for 90 gold pieces
 13070 | D:12     | Received a gift from Okawaru
 13695 | Orc:1    | Entered Level 1 of the Orcish Mines
 13763 | Orc:2    | Entered Level 2 of the Orcish Mines
 13763 | Orc:2    | Found a staircase to the Elven Halls.
 13770 | Orc:2    | Noticed Josephine
 13784 | Orc:2    | Killed Josephine
 13786 | Orc:2    | Reached skill level 10 in Shields
 13792 | Orc:2    | Reached skill level 10 in Armour
 13795 | Orc:2    | Reached skill level 15 in Fighting
 13929 | Orc:2    | Paralysed by an orc sorcerer for 3 turns
 14111 | Orc:1    | Found a dark tunnel.
 14155 | Volcano  | Entered a volcano
 14542 | Volcano  | Found a radiant altar of Vehumet.
 14542 | Volcano  | Noticed a centaur warrior
 14546 | Volcano  | Killed a centaur warrior
 14554 | Volcano  | Received a gift from Okawaru
 14865 | Volcano  | Reached XP level 13. HP: 128/128 MP: 15/15
 15445 | Orc:1    | Found Hatugg's Magic Scroll Shop.
 15480 | Orc:1    | Reached skill level 16 in Fighting
 15499 | Orc:1    | Noticed an orc warlord
 15548 | Orc:1    | Killed an orc warlord
 16175 | Orc:2    | Paralysed by an orc sorcerer for 2 turns
 16175 | Orc:2    | Noticed an orc warlord
 16217 | Orc:1    | Killed an orc warlord
 16633 | Orc:2    | Found Niesybuh's General Store.
 16727 | Orc:2    | Found Sour's Distillery.
 16736 | Orc:2    | Found Tuttabb's Distillery.
 16740 | Orc:2    | Gained mutation: You are frail. (-10% HP) [a neqoxec]
 16777 | Orc:2    | HP: 7/175 [ice devil (16)]
 16779 | Orc:2    | Killed from afar by an orc priest

Illustrated notes

Levels and vault maps discovered:
D:1:      kb_arrival_jail, layout_basic, minmay_pentomino_o2
D:2:      layout_loops_cross, chequers_ecumenical_altar_simple_redux,
          minmay_small_reverse_x
D:3:      layout_loops_ring, zin_academy, first_ration
D:4:      layout_basic, nicolae_qazlal_style_of_elements, temple_pool_b,
          serial_shops, shop
D:5:      layout_loops_ring, grunt_temple_overflow_cloverleaf, st_stairs_5
D:6:      minmay_diamond_boxcup, layout_loops_ring, minivault_19, uniq_eustachio
D:7:      minmay_chambers_of_fours, layout_basic, slow_altar_1, serial_shops,
          shop, uniq_joseph
D:8:      layout_layer_cave, nicolae_gozag_seed_capital, grunt_ogre_cave,
          nicolae_ashenzari_panopticon, uniq_maggie, uniq_psyche
D:9:      layout_gridville, lemuel_zombie_altar_kikubaaqudgha, erik_lair_dragon,
          orc_0_dummy, uniq_harold
D:10:     layout_loops_ring, minmay_shop_grid_forest
D:11:     layout_basic
D:12:     layout_grid_maze, serial_shops, shop_coins, gauntlet_entry_generic,
          uniq_maurice
Temple:   cyrus_circular_temple
Orc:1:    layout_diamond_mine, nicolae_volcano_entry_vermiform, serial_shops,
          shop
Orc:2:    pf_orc_diabolical, layout_caves, serial_shops,
          nicolae_shop_behind_doors, uniq_josephine, uniq_azrael

Skill      XL: |  1  2  3  4  5  6  7  8  9 10 11 12 13 |
---------------+----------------------------------------+-----
Armour         | 4 5 7 8 10 | 10.0
Fighting       | 4 5 6 7 9 10 11 12 13 15 16 | 16.8
Shields        | 4 5 7 9 10 | 10.0
Axes           | 3 4 5 6 8 10 12 14 | 14.6
Dodging        | 2 4 5 |  5.0
Invocations    | 2 4 5 |  5.0

Action                   |  1- 3 |  4- 6 |  7- 9 | 10-12 | 13-15 || total
-------------------------+-------+-------+-------+-------+-------++-------
Melee: War axe           |    73 |   149 |   216 |   122 |       ||   560
       Headbutt          |    11 |    43 |    52 |   185 |    35 ||   326
       Flail             |       |       |       |   590 |       ||   590
       Broad axe         |       |       |       |     4 |   146 ||   150
Invok: Renounce Religion |       |     1 |       |       |       ||     1
       Heroism           |       |       |       |       |     1 ||     1
  Use: Scroll            |       |       |    20 |     1 |       ||    21
       Potion            |       |       |       |     2 |     3 ||     5
 Stab: Petrified         |       |       |       |       |     5 ||     5
  Eat: Chunk             |     2 |     5 |     7 |    21 |     2 ||    37
       Ration            |       |     1 |     1 |     5 |     1 ||     8
Armor: Scale mail        |    32 |    55 |    14 |       |       ||   101
       Plate armour      |       |       |   118 |   446 |    68 ||   632
       Chain mail        |       |       |       |     1 |     1 ||     2
Dodge: Dodged            |    23 |    44 |    46 |   213 |    38 ||   364
Block: Kite shield       |    50 |    84 |   150 |   509 |    79 ||   872

Table legend:
 A = Non-vault XP
 B = Vault XP
 C = Vault XP percentage of total XP
 D = Non-vault monster count
 E = Vault monster count
 F = Vault count percentage of total count
                 A         B        C        D         E       F
            +---------+---------+-------+---------+---------+-------
      Total |   35115 |   14036 |  28.6 |     418 |      70 |  14.3
            +---------+---------+-------+---------+---------+-------
        D:1 |      34 |       2 |   5.6 |      18 |       1 |   5.3
        D:2 |      86 |      17 |  16.5 |      22 |       4 |  15.4
        D:3 |     259 |       0 |   0.0 |      37 |       0 |   0.0
        D:4 |     528 |       0 |   0.0 |      35 |       0 |   0.0
        D:5 |     735 |     162 |  18.1 |      16 |       3 |  15.8
        D:6 |     647 |     720 |  52.7 |      15 |       7 |  31.8
        D:7 |     725 |    1520 |  67.7 |      20 |       7 |  25.9
        D:8 |    2320 |    1009 |  30.3 |      54 |       3 |   5.3
        D:9 |    2682 |    2094 |  43.8 |      33 |      11 |  25.0
       D:10 |    5207 |       0 |   0.0 |      35 |       0 |   0.0
       D:11 |    4282 |       0 |   0.0 |      32 |       0 |   0.0
       D:12 |    7396 |     480 |   6.1 |      35 |       1 |   2.8
      Orc:1 |    6000 |     611 |   9.2 |      33 |       1 |   2.9
      Orc:2 |    4214 |    3432 |  44.9 |      33 |      17 |  34.0
    Volcano |       0 |    3989 | 100.0 |       0 |      15 | 100.0
            +---------+---------+-------+---------+---------+-------
